 Dungeon Crawl Stone Soup version 0.26-a0-524-g073066f631 (webtiles) character file.

Game seed: 7701047391049245152

125156 Gargoyl the Distorting Gnoll (level 16, -19/129 HPs)
             Began as a Gnoll Abyssal Knight on Aug 13, 2020.
             Was a Believer of Lugonu.
             Killed from afar by drasked's ghost (26 damage)
             ... with a fireball
             ... on level 1 of the Elven Halls.
             The game lasted 00:51:38 (40629 turns).

Gargoyl the Distorting Gnoll (GnAK)                Turns: 40629, Time: 00:51:39

Health: -19/129    AC: 29    Str: 22      XL:     16   Next: 95%
Magic:  26/31      EV: 12    Int: 18 (20) God:    Lugonu [**....]
Gold:   4746       SH: 20    Dex: 15      Spells: 37/37 levels left

rFire    + . .     SeeInvis .   g - +7 whip of Valuable Assets {drain, Int+6}
rCold    . . .     Faith    .   C - +3 kite shield {AC+3}
rNeg     . . .     Spirit   .   m - +8 chain mail {rF+}
rPois    .         Reflect  +   f - +2 helmet
rElec    .         Harm     .   p - scarf {repulsion}
rCorr    .                      O - +0 pair of gloves
MR       +++..                  F - +0 pair of boots
Stlth    +.........             n - amulet of reflection
HPRegen  0.31/turn              l - ring of protection from magic
MPRegen  0.22/turn              j - ring of protection from magic

@: heavily drained, repel missiles
A: distributed training, fangs 1, talons 1, wild magic 1, strong nose
a: Depart the Abyss, Bend Space, Renounce Religion


You were on level 1 of the Elven Halls.
You worshipped Lugonu.
Lugonu was pleased with you.
You visited 4 branches of the dungeon, and saw 25 of its levels.
You visited the Abyss 2 times.

You collected 7058 gold pieces.
You spent 2312 gold pieces at shops.

Inventory:

Hand Weapons
 a - a +5 hand axe
 g - the +7 whip of Valuable Assets (weapon) {drain, Int+6}
   (You found it on level 4 of the Lair of Beasts)

   A truly terrible weapon, it drains the life of those it strikes.
   It affects your intelligence (+6).
 I - a +1 war axe of electrocution
 W - a +3 broad axe of flaming
Missiles
 h - 11 javelins (quivered)
Armour
 f - a +2 helmet (worn)
 m - a +8 chain mail of fire resistance (worn)
 p - a scarf of repulsion (worn)
 C - a +3 kite shield of protection (worn)
 F - a +0 pair of boots (worn)
 O - a +0 pair of gloves (worn)
Jewellery
 j - a ring of protection from magic (right hand)
 l - a ring of protection from magic (left hand)
 n - an amulet of reflection (around neck)
 s - an uncursed ring of protection from fire
 w - an uncursed ring of magical power
 D - an uncursed ring of see invisible
 S - an uncursed ring of resist corrosion
 V - the ring of Dishonour {*Tele rN+}
   (You took it off a hell knight on level 11 of the Dungeon)

   [ring of teleportation]

   It may teleport you next to monsters.
   It protects you from negative energy.
 X - an uncursed ring of stealth
Wands
 e - a wand of flame (44)
 v - a wand of paralysis (9)
 A - a wand of iceblast (16)
 H - a wand of disintegration (17)
 K - a wand of random effects (13)
 N - a wand of digging (1)
 P - a wand of acid (16)
 R - a wand of enslavement (20)
 U - a wand of polymorph (17)
Scrolls
 i - 10 scrolls of remove curse
 r - a scroll of summoning
 u - 25 scrolls of teleportation
 y - 4 scrolls of magic mapping
 B - 3 scrolls of fear
 G - 5 scrolls of identify
 L - 8 scrolls of fog
 M - 2 scrolls of blinking
Potions
 c - 3 potions of invisibility
 d - a potion of magic
 k - 2 potions of cancellation
 o - 4 potions of flight
 q - 4 potions of lignification
 t - 3 potions of haste
 x - 8 potions of brilliance
 z - 4 potions of stabbing
 E - 7 potions of curing
 J - a potion of heal wounds
 Q - a potion of mutation


   Skills:
 + Level 12.6(10.8) Fighting
 + Level 11.1(9.4) Short Blades
 + Level 11.1(9.4) Long Blades
 + Level 11.9(10.2) Axes
 + Level 11.1(9.4) Maces & Flails
 + Level 11.1(9.4) Polearms
 + Level 11.1(9.4) Staves
 + Level 11.1(9.4) Slings
 + Level 11.1(9.4) Bows
 + Level 11.1(9.4) Crossbows
 + Level 11.1(9.4) Throwing
 + Level 11.9(10.2) Armour
 + Level 11.4(9.6) Dodging
 + Level 11.1(9.4) Stealth
 + Level 11.1(9.4) Shields
 + Level 11.1(9.4) Unarmed Combat
 + Level 11.1(9.4) Spellcasting
 + Level 9.5(7.8) Conjurations
 + Level 9.5(7.8) Hexes
 + Level 9.5(7.8) Summonings
 + Level 9.5(7.8) Necromancy
 + Level 9.5(7.8) Translocations
 + Level 9.5(7.8) Transmutations
 + Level 9.5(7.8) Fire Magic
 + Level 9.5(7.8) Ice Magic
 + Level 9.5(7.8) Air Magic
 + Level 9.5(7.8) Earth Magic
 + Level 9.5(7.8) Poison Magic
 + Level 12.7(10.9) Invocations
 + Level 11.1(9.4) Evocations


You had 37 spell levels left.
You didn't know any spells.
Your spell library contained the following spells:

 Spells                   Type           Power        Failure   Level
 Apportation              Tloc           #####.       7%          1
 Corona                   Hex            #####..      7%          1
 Foxfire                  Conj/Fire      ####         7%          1
 Magic Dart               Conj           ####         7%          1
 Sandblast                Erth           #####.       7%          1
 Shock                    Conj/Air       ####         7%          1
 Sting                    Tmut/Pois      ####         7%          1
 Summon Small Mammal      Summ           ####         7%          1
 Blink                    Tloc           N/A          10%         2
 Call Imp                 Summ           #####...     10%         2
 Ensorcelled Hibernation  Hex/Ice        #####.       10%         2
 Passwall                 Tmut/Erth      #####...     10%         2
 Poisonous Vapours        Pois/Air       #####.       10%         2
 Searing Ray              Conj           #####.       10%         2
 Slow                     Hex            #####...     10%         2
 Sublimation of Blood     Necr           #####.....   10%         2
 Swiftness                Air            #####...     10%         2
 Call Canine Familiar     Summ           #####...     19%         3
 Confusing Touch          Hex            #####...     19%         3
 Conjure Flame            Conj/Fire      #####...     19%         3
 Dazzling Flash           Conj/Hex       #####.       19%         3
 Ignite Poison            Fire/Tmut/Pois #####...     19%         3
 Inner Flame              Hex/Fire       #####...     19%         3
 Lesser Beckoning         Tloc           #####.....   19%         3
 Mephitic Cloud           Conj/Pois/Air  #####...     19%         3
 Static Discharge         Conj/Air       #####...     19%         3
 Stone Arrow              Conj/Erth      #####.       19%         3
 Summon Guardian Golem    Hex/Summ       #####...     19%         3
 Tukima's Dance           Hex            #####...     19%         3
 Airstrike                Air            #####.....   47%         4
 Fulminant Prism          Conj/Hex       #####.....   47%         4
 Iskenderun's Mystic Bla  Conj/Tloc      #####...     47%         4
 Olgreb's Toxic Radiance  Pois           #####...     47%         4
 Petrify                  Tmut/Erth      #####...     47%         4
 Sticky Flame             Conj/Fire      #####...     47%         4
 Summon Ice Beast         Ice/Summ       #####...     47%         4
 Summon Lightning Spire   Summ/Air       #####...     47%         4
 Alistair's Intoxication  Tmut/Pois      #####....    82%         5
 Fireball                 Conj/Fire      #####.....   82%         5
 Irradiate                Conj/Tmut      #####.....   82%         5
 Lee's Rapid Deconstruct  Erth           #####.....   82%         5
 Lightning Bolt           Conj/Air       #####.....   82%         5
 Eringya's Noxious Bog    Tmut/Pois      #####.....   100%        6
 Invisibility             Hex            #####...     100%        6


Dungeon Overview and Level Annotations

Branches:
Dungeon (15/15)            Temple (0/1) D:5            Lair (6/6) D:11
 Shoals (0/4) Lair:4       Spider (0/4) Lair:3        Slime (0/5) Lair:5
    Orc (2/2) D:12            Elf (2/3) Orc:2        Vaults (0/5) D:14
 Depths (0/5) D:15

Altars:
Okawaru
Qazlal
Jiyva

Shops:
D:7 =   D:15 [(   Orc:2 :*=

Annotations:
D:7 5 runed translucent doors
D:12 corrupted
Orc:2 corrupted
Elf:1 drasked's ghost, adept DECj
Elf:2 3 runed translucent doors, corrupted
Abyss:1 Frances


Innate Abilities, Weirdness & Mutations

Your experience applies equally to all skills.
You have very sharp teeth.
Your uncanny sense of smell can sniff out nearby items.
You have sharp toenails.
Your spells are a little harder to cast, but a little more powerful.


Message History

Drasked's ghost hits you but does no damage.
You feel drained.
You hit drasked's ghost but do no damage.
Your bite misses drasked's ghost.
Drasked's ghost is almost destroyed.
You miss drasked's ghost.
Drasked's ghost is almost destroyed.
Drasked's ghost shouts, "What do you have that I didn't have?"
You block drasked's ghost's attack.
You hit drasked's ghost.
Drasked's ghost is almost destroyed.
Drasked's ghost casts a spell at you.
The fireball explodes!
The fireball engulfs you! You resist.
* * * LOW HITPOINT WARNING * * *
The fireball engulfs drasked's ghost.
Drasked's ghost completely resists.
You miss drasked's ghost.
Drasked's ghost is almost destroyed.
Drasked's ghost casts a spell at you.
The fireball explodes!
The fireball engulfs you!! You resist.
You die...

#.........# #.........##
##..♣.♣..## #.........'.
##.....## #.........##
##'#...#'## #.........# #
##)###.###.###########.....'##
###.## ### ##.##.....#####.###.##
.#'## ##'..>....## ### ##.# ..##
#..[W.....# ##'
...###########..@......# #.(
...'.........'.........########..
)..###########^........'......'..
..## #.........########.. .#+##
##.......## #.. ###[## ##'.....##
##'# # ##.## ##.#'###'## ##.## #
##.## ##.##.# ##.#######.## #
##.#####.###.# ##'.....'##


You could see drasked's ghost (dazed).

Vanquished Creatures
  Kirke (Lair:6)
  Gastronok (Lair:1)
  Donald (Elf:1)
  2 orc warlords
  2 ettins
  4 deep elf death magi
  A fire dragon (Lair:4)
  A great orb of eyes (D:11)
  Josephine (D:14)
  Erolcha (D:12)
  Harold (D:7)
  3 vault guards (D:14)
  A hydra (Lair:6)
  Erica (D:7)
  An anaconda (Lair:6)
  4 catoblepae
  3 two-headed ogres
  6 centaur warriors
  3 tengu warriors
  5 dancing weapons
  6 death yaks (Lair:6)
  2 ogre magi (D:15)
  4 orc high priests
  3 hell knights
  5 deep elf knights
  4 unseen horrors
  5 wizards
  4 deep elf archers
  5 orc knights
  4 necromancers
  A wolf spider zombie (D:14)
  5 orc sorcerers
  19 deep elf magi
  4 ugly things
  3 cyclopes
  3 manticores
  A salamander (shapeshifter) (D:14)
  A wolf spider (D:14)
  18 elephants
  Maurice (Orc:1)
  A rust devil (D:12)
  A black mamba (Lair:6)
  An orange demon (D:12)
  7 cane toads
  A cane toad (shapeshifter) (Elf:1)
  6 komodo dragons
  9 rime drakes (Lair:4)
  3 freezing wraiths
  A tengu conjurer (D:14)
  A polar bear (shapeshifter) (D:15)
  9 trolls
  14 slime creatures
  6 dream sheep (Lair:6)
  15 hippogriffs
  A redback (Lair:2)
  2 centaur simulacra
  A vampire (D:15)
  A shadow (D:13)
  35 yaks
  Eustachio (D:5)
  5 air elementals
  3 wyverns
  A water elemental (Elf:1)
  10 steam dragons
  6 wraiths
  A fire elemental (Elf:1)
  19 humans (D:14)
  4 basilisks
  3 vampire mosquitoes
  Menkaure (D:6)
  2 wargs (Orc:1)
  4 acid dragons
  10 water moccasins
  8 porcupines
  6 hell hounds (D:12)
  4 ice beasts
  An eye of draining (D:13)
  37 orc warriors
  3 sky beasts
  A black bear (shapeshifter) (D:14)
  12 ogres
  4 black bears
  8 wolves
  A hornet zombie (D:9)
  2 phantoms
  8 crocodiles
  15 centaurs
  A big kobold (D:14)
  2 small abominations
  19 bullfrogs
  An earth elemental (Elf:2)
  4 scorpions
  5 killer bees (D:10)
  8 wights
  4 howler monkeys (D:14)
  3 bullfrog zombies
  2 quasits
  A hound (shapeshifter) (D:15)
  2 jellies
  12 orc priests
  3 bullfrog skeletons
  6 hounds
  19 orc wizards
  7 centaur skeletons
  3 iguanas
  12 worker ants
  3 hound zombies
  2 hound skeletons (D:11)
  A worker ant zombie (D:5)
  Robin (D:4)
  4 gnolls (D:6)
  13 adders
  2 shadow imps
  An ufetubus (D:9)
  An adder zombie (D:7)
  An adder skeleton (D:6)
  7 worms
  4 dart slugs
  5 leopard geckos
  112 orcs
  5 ball pythons
  6 giant cockroaches
  8 hobgoblins
  9 jackals
  6 quokkas
  5 bats
  6 frilled lizards
  A giant cockroach zombie (D:5)
  14 goblins
  7 kobolds
  A leopard gecko skeleton (D:9)
  10 rats
  2 fungi
  2 plants (Lair:2)
789 creatures vanquished.

Vanquished Creatures (collateral kills)
  A komodo dragon (Lair:6)
1 creature vanquished.

Vanquished Creatures (others)
  A deep elf blademaster (Elf:2)
  The ghost of Saelaqa the Nimble, a journeyman GnGl of Gozag (Lair:1)
  A centaur warrior (Elf:2)
  2 dancing weapons (Elf:2)
  An orc high priest (Orc:2)
  2 hell knights (D:12)
  2 deep elf knights
  A necromancer (D:12)
  A large abomination (Abyss:1)
  2 deep elf magi
  An oklob plant (Lair:2)
  3 orc sorcerers (Orc:2)
  2 orc knights
  A rust devil (D:12)
  A komodo dragon (Lair:1)
  A hornet (D:9)
  2 humans (Lair:6)
  A steam dragon (Lair:4)
  A fire elemental (Elf:2)
  A hell hound (D:12)
  2 orc warriors (Orc:2)
  2 howler monkeys (D:12)
  3 orc wizards
  2 orc priests
  5 orcs
  A bush (Lair:6)
  A butterfly (Lair:6)
  8 fungi (Lair:6)
  15 plants
  14 starspawn tentacles
81 creatures vanquished.

Grand Total: 871 creatures vanquished

Notes
Turn   | Place    | Note
-------+----------+-------------------------------------------
     0 | Abyss:1  | Gargoyl the Gnoll Abyssal Knight began the quest for the
                  | Orb.
     0 | Abyss:1  | Reached XP level 1. HP: 23/23 MP: 3/3
    67 | Abyss:1  | Noticed an ancient zyme
    73 | Abyss:1  | Noticed an orange demon
   119 | Abyss:1  | Noticed a small abomination
   132 | D:1      | Escaped the Abyss
   638 | D:1      | Reached XP level 2. HP: 23/29 MP: 5/5
  1658 | D:2      | Reached XP level 3. HP: 25/35 MP: 6/6
  2101 | D:2      | Reached * piety under Lugonu
  2538 | D:3      | Reached skill level 1 in Short Blades
  2538 | D:3      | Reached skill level 1 in Long Blades
  2538 | D:3      | Reached skill level 1 in Maces & Flails
  2538 | D:3      | Reached skill level 1 in Polearms
  2538 | D:3      | Reached skill level 1 in Staves
  2538 | D:3      | Reached skill level 1 in Slings
  2538 | D:3      | Reached skill level 1 in Bows
  2538 | D:3      | Reached skill level 1 in Crossbows
  2538 | D:3      | Reached skill level 1 in Throwing
  2538 | D:3      | Reached skill level 1 in Stealth
  2538 | D:3      | Reached skill level 1 in Shields
  2538 | D:3      | Reached skill level 1 in Unarmed Combat
  2538 | D:3      | Reached skill level 1 in Spellcasting
  2538 | D:3      | Reached skill level 1 in Evocations
  2621 | D:3      | Reached XP level 4. HP: 38/41 MP: 7/7
  2684 | D:3      | Reached skill level 1 in Conjurations
  2684 | D:3      | Reached skill level 1 in Hexes
  2684 | D:3      | Reached skill level 1 in Summonings
  2684 | D:3      | Reached skill level 1 in Necromancy
  2684 | D:3      | Reached skill level 1 in Translocations
  2684 | D:3      | Reached skill level 1 in Transmutations
  2684 | D:3      | Reached skill level 1 in Fire Magic
  2684 | D:3      | Reached skill level 1 in Ice Magic
  2684 | D:3      | Reached skill level 1 in Air Magic
  2684 | D:3      | Reached skill level 1 in Earth Magic
  2684 | D:3      | Reached skill level 1 in Poison Magic
  2848 | D:3      | Reached XP level 5. HP: 43/47 MP: 8/8
  3793 | D:4      | Noticed an ogre
  3813 | D:4      | Killed an ogre
  3813 | D:4      | Reached skill level 5 in Invocations
  3813 | D:4      | Reached XP level 6. HP: 19/53 MP: 9/9
  3825 | D:4      | Noticed a phantom
  4066 | D:4      | Killed a phantom
  4066 | D:4      | Reached skill level 5 in Axes
  4066 | D:4      | Reached skill level 5 in Armour
  4090 | D:4      | Noticed Robin
  4096 | D:4      | Reached ** piety under Lugonu
  4099 | D:4      | Killed Robin
  4106 | D:4      | Noticed a black bear
  4124 | D:4      | Killed a black bear
  4124 | D:4      | Reached XP level 7. HP: 33/59 MP: 10/10
  4988 | D:4      | Gained mutation: You are partially covered in yellow
                  | scales. (AC +2) [potion of mutation]
  4988 | D:4      | Gained mutation: You expend magic power (3 MP) to
                  | strengthen your wands. [potion of mutation]
  5125 | D:5      | Entered Level 5 of the Dungeon
  5170 | D:5      | Identified the +3 leather armour of the True Pharaoh {rPois
                  | Str+3 SInv}
  5348 | D:5      | Found a staircase to the Ecumenical Temple.
  5448 | D:5      | Reached *** piety under Lugonu
  5448 | D:5      | Reached XP level 8. HP: 50/67 MP: 12/12
  5573 | D:5      | Found a stormy altar of Qazlal.
  5730 | D:5      | Noticed Eustachio
  5741 | D:5      | Killed Eustachio
  6064 | D:6      | Noticed Menkaure
  6113 | D:6      | Killed Menkaure
  6765 | D:6      | Reached XP level 9. HP: 69/73 MP: 14/14
  7663 | D:7      | Found Zuduri's Jewellery Shop.
  7725 | D:7      | Noticed Harold
  7770 | D:7      | Killed Harold
  7770 | D:7      | Reached skill level 5 in Dodging
  8153 | D:7      | Found a runed translucent gate.
  8154 | D:7      | Found a runed translucent gate.
  8156 | D:7      | Found a runed translucent door.
  8162 | D:7      | Found a runed translucent door.
  8164 | D:7      | Found the +9 staff of Olgreb {rPois∞}
  8248 | D:7      | Found a runed translucent gate.
  8440 | D:8      | Noticed Erica
  8779 | D:7      | Killed Erica
  8779 | D:7      | Reached skill level 5 in Short Blades
  8779 | D:7      | Reached skill level 5 in Long Blades
  8779 | D:7      | Reached skill level 5 in Maces & Flails
  8779 | D:7      | Reached skill level 5 in Polearms
  8779 | D:7      | Reached skill level 5 in Staves
  8779 | D:7      | Reached skill level 5 in Slings
  8779 | D:7      | Reached skill level 5 in Bows
  8779 | D:7      | Reached skill level 5 in Crossbows
  8779 | D:7      | Reached skill level 5 in Throwing
  8779 | D:7      | Reached skill level 5 in Stealth
  8779 | D:7      | Reached skill level 5 in Shields
  8779 | D:7      | Reached skill level 5 in Unarmed Combat
  8779 | D:7      | Reached skill level 5 in Spellcasting
  8779 | D:7      | Reached skill level 5 in Evocations
  8779 | D:7      | Reached XP level 10. HP: 25/81 MP: 17/17
  9063 | D:8      | Reached **** piety under Lugonu
 10101 | D:9      | Paralysed by a hornet for 2 turns
 10620 | D:9      | Found an iron altar of Okawaru.
 11145 | D:10     | Entered Level 10 of the Dungeon
 11886 | D:10     | Reached XP level 11. HP: 80/87 MP: 19/19
 12603 | D:11     | Found a staircase to the Lair.
 12753 | D:11     | Noticed a wizard
 12768 | D:11     | Killed a wizard
 12768 | D:11     | Reached skill level 5 in Conjurations
 12768 | D:11     | Reached skill level 5 in Hexes
 12768 | D:11     | Reached skill level 5 in Summonings
 12768 | D:11     | Reached skill level 5 in Necromancy
 12768 | D:11     | Reached skill level 5 in Translocations
 12768 | D:11     | Reached skill level 5 in Transmutations
 12768 | D:11     | Reached skill level 5 in Fire Magic
 12768 | D:11     | Reached skill level 5 in Ice Magic
 12768 | D:11     | Reached skill level 5 in Air Magic
 12768 | D:11     | Reached skill level 5 in Earth Magic
 12768 | D:11     | Reached skill level 5 in Poison Magic
 12970 | D:11     | Identified a scroll of acquirement
 12970 | D:11     | Acquired 1680 gold pieces
 13195 | D:11     | Reached ***** piety under Lugonu
 14062 | D:12     | Noticed a hell knight
 14075 | D:12     | Noticed a hell knight
 14099 | D:12     | Corrupted D:12
 14099 | D:12     | Noticed a large abomination
 14100 | D:12     | Noticed a starcursed mass
 14101 | D:12     | Noticed a thrashing horror
 14102 | D:12     | Noticed a starcursed mass
 14103 | D:12     | Killed a hell knight
 14108 | D:12     | Killed a hell knight
 14432 | D:12     | Noticed a necromancer
 14435 | D:12     | Killed a necromancer
 14436 | D:12     | Found a runed translucent door.
 14443 | D:12     | Noticed a hell knight
 14445 | D:12     | Noticed a great orb of eyes
 14725 | D:11     | Killed a hell knight
 14851 | D:12     | Identified the ring of Dishonour {*Tele rN+}
 14851 | D:12     | Noticed a hell knight
 14851 | D:12     | Noticed a wizard
 14857 | D:12     | Noticed a wizard
 15176 | Lair:1   | Entered Level 1 of the Lair of Beasts
 15238 | Lair:1   | Found a transporter.
 15238 | Lair:1   | Noticed Saelaqa's ghost (journeyman GnGl)
 15242 | Lair:1   | Found a transporter.
 15322 | Lair:1   | Banished Saelaqa's ghost
 16082 | Lair:1   | Noticed Gastronok
 16105 | Lair:1   | HP: 2/89 [Gastronok (23)]
 16108 | Lair:1   | Killed Gastronok
 16108 | Lair:1   | Reached XP level 12. HP: 19/96 MP: 22/22
 17347 | Lair:2   | Got a jewelled scale mail
 17348 | Lair:2   | Identified the +6 scale mail "Noheq" {MR+ rCorr Int-3
                  | Stlth+} (You found it on level 2 of the Lair of Beasts)
 18904 | Lair:3   | Found a hole to the Spider Nest.
 19005 | Lair:2   | Reached skill level 10 in Fighting
 19801 | Lair:4   | Got an iridescent whip
 19802 | Lair:4   | Identified the +7 whip of Valuable Assets {drain, Int+6}
                  | (You found it on level 4 of the Lair of Beasts)
 19953 | Lair:4   | Found a staircase to the Shoals.
 20064 | Lair:4   | Reached XP level 13. HP: 99/103 MP: 24/24
 20116 | Lair:4   | Noticed a fire dragon
 20153 | Lair:4   | Killed a fire dragon
 20931 | Lair:5   | Reached skill level 10 in Invocations
 21245 | Lair:5   | Found a viscous altar of Jiyva.
 21245 | Lair:5   | Found a staircase to the Slime Pits.
 21694 | Lair:6   | Entered Level 6 of the Lair of Beasts
 22687 | Lair:6   | Noticed Kirke
 22709 | Lair:6   | Killed Kirke
 22768 | Lair:6   | Reached XP level 14. HP: 58/111 MP: 26/26
 22934 | Lair:6   | Reached skill level 10 in Axes
 22934 | Lair:6   | Reached skill level 10 in Armour
 24941 | D:12     | Paralysed by a wizard for 4 turns
 25132 | D:12     | Identified the +5 glaive "Poim" {chaos, *Corrode Str+10
                  | Int+5 Dex-3}
 25415 | D:12     | Noticed Erolcha
 25424 | D:12     | Killed Erolcha
 25944 | D:12     | Reached ****** piety under Lugonu
 25980 | D:12     | Found a staircase to the Orcish Mines.
 27524 | D:14     | Noticed Josephine
 27529 | D:14     | Noticed Frances
 27551 | D:14     | Killed Josephine
 27568 | D:13     | Banished Frances
 27568 | D:13     | Reached skill level 10 in Dodging
 27974 | D:14     | Reached XP level 15. HP: 112/119 MP: 28/28
 28793 | D:14     | Reached skill level 10 in Short Blades
 28793 | D:14     | Reached skill level 10 in Long Blades
 28793 | D:14     | Reached skill level 10 in Maces & Flails
 28793 | D:14     | Reached skill level 10 in Polearms
 28793 | D:14     | Reached skill level 10 in Staves
 28793 | D:14     | Reached skill level 10 in Slings
 28793 | D:14     | Reached skill level 10 in Bows
 28793 | D:14     | Reached skill level 10 in Crossbows
 28793 | D:14     | Reached skill level 10 in Throwing
 28793 | D:14     | Reached skill level 10 in Stealth
 28793 | D:14     | Reached skill level 10 in Shields
 28793 | D:14     | Reached skill level 10 in Unarmed Combat
 28793 | D:14     | Reached skill level 10 in Spellcasting
 28793 | D:14     | Reached skill level 10 in Evocations
 28825 | D:14     | Found a gate to the Vaults.
 29878 | D:15     | Entered Level 15 of the Dungeon
 30289 | D:15     | Found a staircase to the Depths.
 31298 | D:15     | Found Zimueb's Weapon Emporium.
 31324 | D:15     | Found Wunilu's Armour Emporium.
 31906 | Orc:1    | Entered Level 1 of the Orcish Mines
 32061 | Orc:2    | Entered Level 2 of the Orcish Mines
 32680 | Orc:2    | Reached XP level 16. HP: 121/127 MP: 30/30
 33334 | Orc:2    | Corrupted Orc:2
 33334 | Orc:2    | Noticed a tentacled starspawn
 33685 | Orc:2    | Found a staircase to the Elven Halls.
 33852 | Orc:1    | Noticed Maurice
 33874 | Orc:1    | Killed Maurice
 35068 | Orc:2    | Found Afuz's Jewellery Shoppe.
 35068 | Orc:2    | Found Ikhogodd's Book Shop.
 35071 | Orc:2    | Found Xegugiah's Distillery.
 35071 | Orc:2    | Found Bujoloib's Assorted Antiques.
 35152 | Orc:2    | Bought a scroll of teleportation for 102 gold pieces
 35152 | Orc:2    | Bought a scroll of teleportation for 102 gold pieces
 35152 | Orc:2    | Bought a scroll of acquirement for 1768 gold pieces
 35152 | Orc:2    | Bought a potion of haste for 340 gold pieces
 35155 | Orc:2    | Acquired 1540 gold pieces
 35329 | Elf:1    | Entered Level 1 of the Elven Halls
 36111 | Orc:2    | Escaped the Abyss
 38687 | Elf:2    | Got a crude trident
 38689 | Elf:2    | Identified the +4 trident of Severance {freeze, rF+ rC++}
                  | (You found it on level 2 of the Elven Halls)
 38696 | Elf:2    | Lost mutation: You expend magic power (3 MP) to strengthen
                  | your wands. [potion of mutation]
 38696 | Elf:2    | Lost mutation: You are partially covered in yellow scales.
                  | (AC +2) [potion of mutation]
 38696 | Elf:2    | Gained mutation: Your spells are a little harder to cast,
                  | but a little more powerful. [potion of mutation]
 38696 | Elf:2    | Gained mutation: You have sharp toenails. [potion of
                  | mutation]
 38710 | Elf:2    | Noticed Donald
 39042 | Elf:1    | Killed Donald
 39209 | Elf:2    | Found a runed translucent gate.
 39209 | Elf:2    | Found a runed translucent gate.
 39209 | Elf:2    | Found a runed translucent gate.
 39211 | Elf:2    | Noticed a deep elf blademaster
 39212 | Elf:2    | Noticed drasked's ghost (adept DECj)
 39226 | Elf:2    | Found an iron altar of Okawaru.
 40074 | Elf:2    | Corrupted Elf:2
 40074 | Elf:2    | Noticed an Executioner
 40074 | Elf:2    | Noticed a tentacled starspawn
 40079 | Elf:2    | Noticed a bone dragon
 40085 | Elf:2    | Killed a deep elf blademaster
 40629 | Elf:1    | Killed from afar by drasked's ghost

Illustrated notes

Levels and vault maps discovered:
D:1:      giann_bridges, layout_basic
D:2:      layout_basic
D:3:      layout_basic, minmay_hedge_maze
D:4:      layout_cave_pools, uniq_robin
D:5:      layout_rooms, overflow_temple_1_default, minmay_temple_entry_trees,
          uniq_eustachio
D:6:      layout_basic, kennysheep_nondescript, uniq_menkaure
D:7:      layout_basic, serial_shops, shop_fountains,
          minmay_guarded_unrand_staff_of_olgreb, uniq_harold
D:8:      layout_cave_pools, uniq_erica
D:9:      layout_grid_maze, okawaru_ov_weapons_minmay
D:10:     layout_stronghold
D:11:     layout_layer_cave, lair_entry_dummy, roderic_filled_cross,
          roderic_lattice_a, minmay_librarian
D:12:     mludivico_vault, layout_basic, hiddenorc2_lemuel,
          minmay_misc_feat_ornament, uniq_erolcha
D:13:     layout_big_octagon
D:14:     minmay_the_grid_net [minmay_the_grid_zigzag_pyramid,
          minmay_the_grid_stretched_grid, minmay_the_grid_rooms,
          minmay_the_grid_paths, minmay_the_grid_x,
          minmay_the_grid_prize_four_corners], layout_basic,
          grunt_vaults_entry_tiered, minmay_misc_feat_more_columns,
          serial_rivers, chequers_serial_rivers_small_a,
          chequers_serial_rivers_small_3, chequers_serial_rivers_small_b,
          chequers_serial_rivers_small_3, uniq_frances, uniq_josephine
D:15:     hangedman_depths_entry_civil_slaughter, layout_loops_corners,
          minivault_24, serial_shops, shop, nicolae_shop_crystal
Lair:1:   layout_chaotic_city, gammafunk_ghost_arena, grunt_megastairs_3,
          uniq_gastronok
Lair:2:   layout_roguey, infiniplex_staircase_pool_2, minmay_lair_oklob_chamber
Lair:3:   layout_misc_corridors, spider_nest_entry_a
Lair:4:   layout_long_grid, elwin_shoals_entry_rocks,
          hangedman_lair_unloving_vines, bobbens_dragon_lair_wall
Lair:5:   layout_concentric_octagons, dpeg_slime_entry_enclosed_altar
Lair:6:   evilmike_catoblepas_cave, layout_loops_ring,
          small_statue_intersection, lemuel_fruit_fields, uniq_kirke
Orc:1:    layout_caves, minmay_orc_treasury, uniq_maurice
Orc:2:    grunt_orc_tribal_feast, layout_caves
Elf:1:    layout_geoelf_diagonals, minmay_elf_crystal_heptagon
Elf:2:    layout_geoelf_diagonals, gammafunk_ghost_fury_of_okawaru,
          sword_in_stone

Skill      XL: |  1  2  3  4  5  6  7  8  9 10 11 12 13 14 15 16 |
---------------+-------------------------------------------------+-----
Short Blades   | 1 2 3 5 7 8 9 10 11 | 11.1
Long Blades    | 1 2 3 5 7 8 9 10 11 | 11.1
Maces & Flails | 1 2 3 5 7 8 9 10 11 | 11.1
Polearms       | 1 2 3 5 7 8 9 10 11 | 11.1
Staves         | 1 2 3 5 7 8 9 10 11 | 11.1
Slings         | 1 2 3 5 7 8 9 10 11 | 11.1
Bows           | 1 2 3 5 7 8 9 10 11 | 11.1
Crossbows      | 1 2 3 5 7 8 9 10 11 | 11.1
Throwing       | 1 2 3 5 7 8 9 10 11 | 11.1
Stealth        | 1 2 3 5 7 8 9 10 11 | 11.1
Shields        | 1 2 3 5 7 8 9 10 11 | 11.1
Unarmed Combat | 1 2 3 5 7 8 9 10 11 | 11.1
Spellcasting   | 1 2 3 5 7 8 9 10 11 | 11.1
Evocations     | 1 2 3 5 7 8 9 10 11 | 11.1
Conjurations   | 1 2 3 4 5 6 7 8 9 |  9.5
Hexes          | 1 2 3 4 5 6 7 8 9 |  9.5
Summonings     | 1 2 3 4 5 6 7 8 9 |  9.5
Necromancy     | 1 2 3 4 5 6 7 8 9 |  9.5
Translocations | 1 2 3 4 5 6 7 8 9 |  9.5
Transmutations | 1 2 3 4 5 6 7 8 9 |  9.5
Fire Magic     | 1 2 3 4 5 6 7 8 9 |  9.5
Ice Magic      | 1 2 3 4 5 6 7 8 9 |  9.5
Air Magic      | 1 2 3 4 5 6 7 8 9 |  9.5
Earth Magic    | 1 2 3 4 5 6 7 8 9 |  9.5
Poison Magic   | 1 2 3 4 5 6 7 8 9 |  9.5
Dodging        | 3 4 5 6 7 8 9 10 11 | 11.4
Invocations    | 5 6 7 9 10 11 12 | 12.7
Axes           | 5 6 7 8 9 10 11 | 11.9
Armour         | 5 6 7 8 9 10 11 | 11.9
Fighting       | 7 8 9 10 11 12 | 12.6

Action                   |  1- 3 |  4- 6 |  7- 9 | 10-12 | 13-15 | 16-18 || total
-------------------------+-------+-------+-------+-------+-------+-------++-------
Melee: Hand axe          |   130 |   159 |   410 |  1096 |       |       ||  1795
       Bite              |    12 |    17 |    64 |   179 |   431 |   166 ||   869
       Whip              |       |       |       |    35 |  2138 |  1060 ||  3233
       Broad axe         |       |       |       |       |    95 |   148 ||   243
Throw: Javelin           |       |     4 |       |     3 |       |       ||     7
Invok: Depart the Abyss  |     1 |       |       |       |       |     1 ||     2
       Banish            |       |       |       |     9 |     1 |    23 ||    33
       Corrupt           |       |       |       |     1 |       |     2 ||     3
       Bend Space        |       |       |       |     1 |     1 |     6 ||     8
       Enter the Abyss   |       |       |       |       |       |     1 ||     1
Evoke: Wand              |       |       |       |       |     1 |       ||     1
  Use: Scroll            |     8 |       |    17 |    11 |     6 |     6 ||    48
       Potion            |     1 |     3 |     5 |     5 |     3 |    11 ||    28
 Stab: Sleeping          |       |       |       |       |     2 |     1 ||     3
Armor: Chain mail        |    60 |   100 |   198 |   576 |   769 |   350 ||  2053
Dodge: Dodged            |    23 |    36 |    82 |   318 |   567 |   367 ||  1393
       Repelled          |       |       |     2 |     4 |    14 |     7 ||    27
Block: Kite shield       |    46 |    82 |   280 |   909 |  1562 |  1069 ||  3948
       Reflection        |       |       |     2 |     9 |    59 |    28 ||    98

Table legend: (Time is in decaauts)
 A = Elapsed time spent in this place.
 B = Non-inter-level travel time spent in this place.
 C = Inter-level travel time spent in this place.
 D = Time resting spent in this place.
 E = Time spent auto-exploring this place.
 F = Levels seen in this place.
 G = Mean time per level.
                   A        B        C        D        E       F      G
               +--------+--------+--------+--------+--------+-----+--------+
         Total |  39755 |  38570 |   1185 |  14211 |  15712 |  27 | 1472.4 |
       Dungeon |  21939 |  21194 |    745 |   6613 |   9877 |  15 | 1462.6 |
          Lair |   9332 |   9025 |    307 |   3262 |   3837 |   6 | 1555.3 |
  Orcish Mines |   3849 |   3758 |     91 |   1734 |    913 |   2 | 1924.5 |
   Elven Halls |   4392 |   4353 |     39 |   2512 |    981 |   2 | 2196.0 |
         Abyss |    241 |    241 |      0 |     90 |    104 |   2 |  120.5 |
               +--------+--------+--------+--------+--------+-----+--------+

Top non-repeatable levels by time:
   Elf:1: 3367 daAuts
  Lair:6: 2809 daAuts
    D:11: 2397 daAuts
    D:12: 2329 daAuts
   Orc:1: 1935 daAuts
   Orc:2: 1913 daAuts
    D:15: 1865 daAuts
    D:14: 1851 daAuts
     D:7: 1747 daAuts
  Lair:1: 1689 daAuts
     D:3: 1622 daAuts
     D:6: 1474 daAuts
    D:10: 1430 daAuts
     D:1: 1423 daAuts
  Lair:2: 1319 daAuts
